 Dungeon Crawl Stone Soup version 0.25-a0-1056-g2efb326896 (webtiles) character file.

Game seed: 16073389102610256478, levelgen mode: deterministic

37867 Flugslaktarn the Cleaver (level 13, -5/121 HPs)
             Began as a Deep Dwarf Fighter on May 13, 2020.
             Was the Champion of Makhleb.
             Slain by a shadow (10 damage)
             ... while petrified by Jorgrun
             ... on level 12 of the Dungeon.
             The game lasted 00:08:31 (12167 turns).

Flugslaktarn the Cleaver (Deep Dwarf Fighter)      Turns: 12167, Time: 00:08:32

Health: -5/121     AC: 22    Str: 22    XL:     13   Next: 60%
Magic:  10/10      EV: -1    Int:  9    God:    Makhleb [******]
Gold:   364        SH:  0    Dex: 15    Spells: 12/12 levels left

rFire    + . .     SeeInvis .   m - +1 war axe (freeze)
rCold    . . .     Gourm    .   c - +0 kite shield
rNeg     + + +     Faith    +   u - +0 plate armour
rPois    ∞         Spirit   .   y - +2 helmet
rElec    .         Reflect  .   (no cloak)
rCorr    +         Harm     .   a - +2 pair of gloves
MR       +....                  (no boots)
Stlth    ..........             F - amulet of faith
HPRegen  0.00/turn              k - ring of resist corrosion
MPRegen  0.12/turn              f - ring of protection from fire

@: petrified, grasped by roots, barbed spikes, fainting, non-regenerating,
constricted
A: damage resistance, heal wounds, sense surroundings 2, no regeneration
a: Heal Wounds, Minor Destruction, Lesser Servant of Makhleb, Major Destruction,
Greater Servant of Makhleb, Renounce Religion


You were on level 12 of the Dungeon.
You worshipped Makhleb.
Makhleb was exalted by your worship.
You were fainting.

You visited 3 branches of the dungeon, and saw 19 of its levels.

You collected 857 gold pieces.
You spent 493 gold pieces at shops.

Inventory:

Hand Weapons
 m - a +1 war axe of freezing (weapon)
   (You took it off a wight on level 7 of the Dungeon)
 G - a +0 broad axe
   (You found it on level 11 of the Dungeon)
Missiles
 g - a throwing net (quivered)
Armour
 a - a +2 pair of gloves (worn)
   (You found it on level 7 of the Dungeon)
 c - a +0 kite shield (worn)
 u - a +0 plate armour (worn)
   (You took it off an orc warrior on level 9 of the Dungeon)
 y - a +2 helmet (worn)
   (You took it off Robin on level 4 of the Dungeon)
 E - the -2 hat of the Alchemist {rElec rPois rF+ rC+ rN+ MR+ rMut rCorr}
   (You found it on level 4 of the Lair of Beasts)

   It protects you from fire.
   It protects you from cold.
   It insulates you from electricity.
   It protects you from poison.
   It protects you from negative energy.
   It affects your resistance to hostile enchantments.
   It provides partial protection from all sources of acid and corrosion.
   It protects you from mutation.
Jewellery
 f - a ring of protection from fire (right hand)
   (You found it on level 3 of the Lair of Beasts)
 k - a ring of resist corrosion (left hand)
   (You found it on level 2 of the Lair of Beasts)
 B - a cursed ring of teleportation {unknown}
   (You found it on level 10 of the Dungeon)
 F - an amulet of faith (around neck)
   (You found it on level 4 of the Lair of Beasts)
Wands
 i - a wand of iceblast (24)
   (You found it on level 6 of the Dungeon)
 v - a wand of acid (14)
   (You found it on level 10 of the Dungeon)
Scrolls
 b - 3 scrolls of magic mapping
 j - a scroll of enchant armour
 l - a scroll of fear
 o - 2 scrolls of immolation
 p - a scroll of fog
 r - 5 scrolls of identify
 t - 5 scrolls of teleportation
 x - 7 scrolls of remove curse
 z - a scroll of blinking
Potions
 d - 3 potions of might
 h - 2 potions of haste
 n - a potion of magic
 q - 2 potions of curing
 w - 5 potions of heal wounds
 A - a potion of berserk rage
 C - 2 potions of flight
 D - a potion of lignification
 H - a potion of brilliance {unknown}
Comestibles
 e - 35 rations


   Skills:
 + Level 9.5 Fighting
 * Level 14.6 Axes
 + Level 11.2 Armour
 - Level 5.0 Dodging
 + Level 11.1 Shields
 + Level 10.7 Invocations


You had 12 spell levels left.
You didn't know any spells.
Your spell library was empty.

Dungeon Overview and Level Annotations

Branches:
Dungeon (12/15)            Temple (1/1) D:6            Lair (6/6) D:9
  Swamp (0/4) Lair:2        Snake (0/4) Lair:4        Slime (0/5) Lair:5
    Orc (0/2) D:9

Altars:
Ashenzari
Dithmenos
Elyvilon
Fedhas
Gozag
Hepliaklqana
Kikubaaqudgha
Makhleb
Trog
Vehumet
Wu Jian
Xom
Yredelemnul
The Shining One

Shops:
D:11 !

Annotations:
D:12 Jorgrun
Lair:2 1 runed translucent door, Xaosum's ghost, journeyman OgFE


Innate Abilities, Weirdness & Mutations

You are resistant to damage.
You can heal yourself by infusing magical energy.
You passively map the area around you.
You do not regenerate.


Message History

The hound bites you but does no damage. The hungry ghost hits you.
You feel slightly more hungry. Jorgrun hits you but does no damage.
Jorgrun crushes you!!
* * * LOW HITPOINT WARNING * * *
x2 The grasping roots constrict you!
The manticore bites you.
The manticore claws you but does no damage. x2
The hound completely misses you.
The orc warrior hits you but does no damage.
The shadow slips into darkness.
The shadow flickers and vanishes!
Deactivating autopickup; reactivate with Ctrl-A.
The hungry ghost hits you.
You feel slightly more hungry. The hound bites you but does no damage.
The manticore bites you but does no damage.
The manticore claws you but does no damage. x2
Jorgrun hits you but does no damage.
* * * LOW HITPOINT WARNING * * *
The grasping roots constrict you.
The shadow strikes at you from the darkness!
You die...

, , * *#.# , ,,
,,,** #.# * , *
,* ...####.# , *
* .#......# * ,,
, ...####<#### ,
, #......(Y..####
*, , *
,######..†eHo..##
,, *,
#..#Ho#o..##. , *
,* #.)5W@{ho....
,,* * * *
#..#gh#o..##., ,
......$T##.##, ,
* **
####..#....... ,
* ,, * *#..#.###.
#. , , * #...#.#
* # . , ** * , ,
.......# * * , *,
* .##..### , , *
,*


You could see Jorgrun, a manticore, a hippogriff, a deep elf mage, a troll, a
hungry ghost, an orc warrior, an ice beast (summoned), 2 hounds, a shadow imp
and 4 orcs.

Vanquished Creatures
  Fannar (Lair:3)
  A hydra (Lair:5)
  3 two-headed ogres
  Erica (D:10)
  4 death yaks (Lair:5)
  2 ugly things
  7 elephants (Lair:4)
  3 black mambas
  10 spiny frogs
  2 komodo dragons (Lair:2)
  3 trolls
  2 polar bears
  13 blink frogs
  5 hippogriffs
  A slime creature (Lair:5)
  A spriggan (D:7)
  A wraith (D:10)
  2 wyverns
  10 yaks
  3 basilisks
  A steam dragon (D:8)
  4 hungry ghosts
  Menkaure (D:4)
  2 wargs (D:9)
  2 acid dragons (D:11)
  2 nagas (Lair:4)
  6 porcupines
  8 water moccasins
  5 ice beasts
  3 phantoms
  4 sky beasts
  A black bear (D:12)
  A necrophage (D:9)
  8 orc warriors
  9 ogres
  43 wolves
  5 centaurs
  13 crocodiles
  3 big kobolds (D:9)
  13 bullfrogs
  A wyvern skeleton (D:12)
  5 scorpions
  10 killer bees
  3 wights (D:7)
  5 crimson imps
  8 howler monkeys
  A bullfrog zombie (D:8)
  2 centaur zombies
  A bullfrog skeleton (D:8)
  8 jellies
  7 orc priests
  3 centaur skeletons
  12 hounds
  10 orc wizards
  7 iguanas
  9 worker ants
  A hound zombie (D:8)
  2 hound skeletons (D:4)
  A howler monkey zombie (D:5)
  Robin (D:4)
  15 gnolls
  16 adders
  A shadow imp (D:10)
  An ooze (D:7)
  2 adder zombies
  An adder skeleton (D:7)
  A worm (D:2)
  A dart slug (D:1)
  7 leopard geckos
  41 orcs
  2 ball pythons
  2 bats
  7 giant cockroaches
  4 goblins (D:4)
  8 hobgoblins
  3 jackals (D:3)
  A kobold (D:2)
  2 quokkas
  2 frilled lizards
  A jackal skeleton (D:4)
  A leopard gecko skeleton (D:4)
  2 quokka skeletons
  2 rats
  4 fungi
433 creatures vanquished.

Vanquished Creatures (collateral kills)
  2 hydras (Lair:3)
  2 death yaks (Lair:5)
  Prince Ribbit (Lair:3)
  2 blink frogs (Lair:3)
  A hippogriff (Lair:5)
  A basilisk (Lair:3)
  2 water moccasins
  A porcupine (Lair:3)
  A crocodile (Lair:3)
  A bullfrog (Lair:3)
14 creatures vanquished.

Vanquished Creatures (others)
  5 fungi
  A plant (Lair:4)
6 creatures vanquished.

Grand Total: 453 creatures vanquished

Notes
Turn   | Place    | Note
-------+----------+-------------------------------------------
     0 | D:1      | Flugslaktarn the Deep Dwarf Fighter began the quest for the
                  | Orb.
     0 | D:1      | Reached XP level 1. HP: 20/20 MP: 1/1
   130 | D:2      | Found a bloodstained altar of Trog.
   133 | D:2      | Reached XP level 2. HP: 18/27 MP: 2/2
   225 | D:3      | Found a white marble altar of Elyvilon.
   260 | D:4      | Reached skill level 3 in Axes
   333 | D:4      | Noticed a howler monkey
   347 | D:4      | Killed a howler monkey
   347 | D:4      | Reached XP level 3. HP: 26/34 MP: 3/3
   350 | D:4      | Reached XP level 4. HP: 22/42 MP: 4/4
   374 | D:4      | Reached skill level 4 in Axes
   374 | D:4      | Reached XP level 5. HP: 49/49 MP: 5/5
   439 | D:4      | Found a basalt altar of Yredelemnul.
   584 | D:5      | Entered Level 5 of the Dungeon
   584 | D:5      | Noticed a sky beast
   601 | D:5      | Killed a sky beast
   601 | D:5      | Reached XP level 6. HP: 26/57 MP: 5/5
   619 | D:4      | Reached skill level 5 in Axes
   977 | D:4      | Reached XP level 7. HP: 40/64 MP: 6/6
  1196 | D:4      | Noticed Robin
  1196 | D:4      | Noticed Menkaure
  1220 | D:4      | Killed Menkaure
  1220 | D:4      | Reached skill level 5 in Armour
  1220 | D:4      | Reached skill level 5 in Shields
  1234 | D:4      | Killed Robin
  1234 | D:4      | Reached skill level 6 in Axes
  2022 | D:6      | Noticed a two-headed ogre
  2039 | D:6      | HP: 2/66 [two-headed ogre/+0 giant spiked club (22)]
  2052 | D:6      | Killed a two-headed ogre
  2052 | D:6      | Reached skill level 5 in Fighting
  2052 | D:6      | Reached skill level 8 in Axes
  2052 | D:6      | Reached XP level 8. HP: 16/74 MP: 5/5
  2224 | D:6      | Found a staircase to the Ecumenical Temple.
  2232 | Temple   | Entered the Ecumenical Temple
  2243 | Temple   | Gained mutation: You passively map the area around you.
                  | [Deep Dwarf growth]
  2243 | Temple   | Reached XP level 9. HP: 42/81 MP: 6/6
  2251 | Temple   | Became a worshipper of Makhleb the Destroyer
  2611 | D:6      | Reached skill level 1 in Invocations
  2770 | D:6      | Found a hazy altar of Hepliaklqana.
  2772 | D:6      | Found a shadowy altar of Dithmenos.
  2779 | D:6      | Reached skill level 1 in Dodging
  2780 | D:6      | Found an ornate altar of the Wu Jian Council.
  3163 | D:7      | Reached skill level 9 in Axes
  3293 | D:7      | Reached * piety under Makhleb
  4179 | D:8      | Reached ** piety under Makhleb
  4180 | D:8      | Reached XP level 10. HP: 89/91 MP: 6/6
  4196 | D:8      | Noticed a two-headed ogre
  4224 | D:8      | Killed a two-headed ogre
  4224 | D:8      | Reached skill level 10 in Axes
  4250 | D:8      | Found a glowing golden altar of the Shining One.
  4643 | D:9      | Reached skill level 5 in Invocations
  4643 | D:9      | Noticed a two-headed ogre
  4661 | D:9      | Killed a two-headed ogre
  4661 | D:9      | Reached *** piety under Makhleb
  4880 | D:9      | Found a staircase to the Orcish Mines.
  4929 | D:9      | Reached skill level 11 in Axes
  4942 | D:9      | Reached XP level 11. HP: 50/100 MP: 6/6
  5194 | D:9      | Reached **** piety under Makhleb
  5194 | D:9      | Reached skill level 5 in Dodging
  5239 | D:9      | Found a staircase to the Lair.
  5557 | Lair:1   | Entered Level 1 of the Lair of Beasts
  6133 | Lair:1   | Reached ***** piety under Makhleb
  6140 | Lair:1   | Reached skill level 12 in Axes
  6713 | Lair:2   | Reached XP level 12. HP: 102/110 MP: 6/6
  6783 | Lair:2   | Found a runed translucent door.
  6783 | Lair:2   | Found a shimmering altar of Xom.
  6783 | Lair:2   | Noticed Xaosum's ghost (journeyman OgFE)
  6783 | Lair:2   | Identified the cursed +1 scythe "Secret Weapon" {chaos,
                  | *Rage +Inv rPois}
  7196 | Lair:2   | Found a staircase to the Swamp.
  7582 | Lair:3   | Found a shadowy altar of Dithmenos.
  7749 | Lair:3   | Noticed a six-headed hydra
  7763 | Lair:3   | Killed an 11-headed hydra
  7768 | Lair:3   | Reached skill level 13 in Axes
  7772 | Lair:3   | Noticed Prince Ribbit
  7783 | Lair:3   | Killed Prince Ribbit
  7789 | Lair:3   | Reached skill level 10 in Armour
  7800 | Lair:3   | Reached skill level 10 in Shields
  7931 | Lair:3   | Noticed a five-headed hydra
  7933 | Lair:3   | Noticed Fannar
  7944 | Lair:3   | Killed a six-headed hydra
  7964 | Lair:3   | Killed Fannar
  8511 | Lair:4   | Found a shimmering altar of Xom.
  8599 | Lair:4   | Found a staircase to the Snake Pit.
  8601 | Lair:4   | Found the -2 hat of the Alchemist {rElec rPois rF+ rC+ rN+
                  | MR+ rMut rCorr}
  8952 | Lair:4   | Reached XP level 13. HP: 117/121 MP: 9/9
  9415 | Lair:5   | Found a staircase to the Slime Pits.
  9469 | Lair:5   | Reached skill level 14 in Axes
  9486 | Lair:5   | Reached skill level 10 in Invocations
 10205 | Lair:6   | Entered Level 6 of the Lair of Beasts
 10383 | D:10     | Entered Level 10 of the Dungeon
 10812 | D:10     | Noticed Erica
 10827 | D:10     | Killed Erica
 10971 | D:10     | Reached ****** piety under Makhleb
 11881 | D:11     | Found Etyi's Distillery.
 11889 | D:11     | Bought a potion of heal wounds for 85 gold pieces
 11889 | D:11     | Bought a potion of heal wounds for 85 gold pieces
 11889 | D:11     | Bought a potion of heal wounds for 85 gold pieces
 11889 | D:11     | Bought a potion of haste for 170 gold pieces
 11904 | D:11     | Bought a potion of might for 68 gold pieces
 12155 | D:12     | Noticed Jorgrun
 12166 | D:12     | HP: 6/121 [Jorgrun/uncursed staff of earth (6)]
 12167 | D:12     | Slain by a shadow

Illustrated notes

Levels and vault maps discovered:
D:1:      minmay_arrival_three_doors, layout_basic
D:2:      layout_basic, bloody_trog, nicolae_ru_path_of_blood
D:3:      layout_basic, marbit_many_paths, lemuel_coloured_pillars_altar,
          serial_bayou_pond_d, elyvilon_altar_4
D:4:      layout_basic, serial_glass, glass_columns_b, glass_columns_b,
          first_ration, minmay_door_square, lemuel_altar_in_water,
          uniq_menkaure, uniq_robin
D:5:      layout_cave_pools
D:6:      layout_basic, grunt_temple_overflow_open,
          minmay_temple_entry_statues_fountains, minmay_increasing_density
D:7:      cheibrodos_helix_gallery, layout_loops_ring, the_bakery
D:8:      layout_loops_cross, lemuel_crystal_altar
D:9:      layout_irregular_city, erik_lair_orcish_takeover,
          kennysheep_orc_monster_closet_entryway
D:10:     layout_basic, uniq_erica, uniq_urug
D:11:     layout_loops_corners, serial_shops, nicolae_shop_trees,
          minmay_misc_feat_pillars, solitary_fountain, nrook_campfire
D:12:     layout_loops_ring, uniq_jorgrun
Temple:   eino_temple_lava
Lair:1:   layout_regular_city, st_stairs_5, grunt_forest_large_clearings
Lair:2:   layout_cave_pods, swamp_mist_pool, ebering_ghost_xom,
          grunt_megastairs_1
Lair:3:   layout_regular_city, basic_altar, uniq_fannar, uniq_prince_ribbit2
Lair:4:   layout_small_grid, guppyfry_snake_entry_garden, basic_altar
Lair:5:   layout_regular_city, minmay_slime_entry_pillars
Lair:6:   cheibrodos_lair_end_hotspot, layout_gridlike

Skill      XL: |  1  2  3  4  5  6  7  8  9 10 11 12 13 |
---------------+----------------------------------------+-----
Axes           | 3 4 5 8 9 11 12 13 14 | 14.6
Fighting       | 3 4 5 6 7 8 9 |  9.5
Armour         | 4 6 7 8 9 10 11 | 11.2
Shields        | 4 6 7 8 9 10 11 | 11.1
Invocations    | 3 5 7 9 10 | 10.7
Dodging        | 3 4 5 |  5.0

Action                   |  1- 3 |  4- 6 |  7- 9 | 10-12 | 13-15 || total
-------------------------+-------+-------+-------+-------+-------++-------
Melee: War axe           |    68 |   164 |   415 |   975 |   351 ||  1973
Invok: Lesser Servant of |       |       |       |     4 |     4 ||     8
 Abil: Heal Wounds       |     1 |     5 |    22 |    20 |     6 ||    54
Evoke: Wand              |       |       |       |       |     2 ||     2
  Use: Potion            |       |       |     1 |       |       ||     1
       Scroll            |       |       |     9 |     5 |    15 ||    29
 Stab: Distracted        |       |       |       |       |     2 ||     2
  Eat: Chunk             |       |     1 |     8 |    22 |     8 ||    39
       Ration            |       |       |     1 |     1 |     1 ||     3
Armor: Scale mail        |    38 |    54 |    55 |       |       ||   147
       Chain mail        |       |       |   127 |   168 |       ||   295
       Plate armour      |       |       |       |   455 |   178 ||   633
Dodge: Dodged            |    33 |    37 |    98 |   361 |    90 ||   619
Block: Kite shield       |    49 |    83 |   208 |   681 |   169 ||  1190

Table legend:
 A = Non-vault XP
 B = Vault XP
 C = Vault XP percentage of total XP
 D = Non-vault monster count
 E = Vault monster count
 F = Vault count percentage of total count
                 A         B        C        D         E       F
            +---------+---------+-------+---------+---------+-------
      Total |   44931 |    9165 |  16.9 |     357 |      86 |  19.4
            +---------+---------+-------+---------+---------+-------
        D:1 |       4 |       0 |   0.0 |       1 |       0 |   0.0
        D:2 |      15 |       0 |   0.0 |       7 |       0 |   0.0
        D:3 |      15 |       0 |   0.0 |       9 |       0 |   0.0
        D:4 |     592 |     194 |  24.7 |      21 |      12 |  36.4
        D:5 |     580 |       0 |   0.0 |      21 |       0 |   0.0
        D:6 |    1886 |       0 |   0.0 |      24 |       0 |   0.0
        D:7 |    1303 |     267 |  17.0 |      27 |       3 |  10.0
        D:8 |    2173 |       0 |   0.0 |      31 |       0 |   0.0
        D:9 |    3785 |    2046 |  35.1 |      39 |      29 |  42.6
       D:10 |    1385 |     923 |  40.0 |      24 |       1 |   4.0
       D:11 |    3121 |       0 |   0.0 |      27 |       0 |   0.0
       D:12 |    1116 |       0 |   0.0 |      10 |       0 |   0.0
     Temple |      39 |       0 |   0.0 |       2 |       0 |   0.0
     Lair:1 |    3375 |    3221 |  48.8 |      20 |      28 |  58.3
     Lair:2 |    4653 |     187 |   3.9 |      28 |       1 |   3.4
     Lair:3 |    5259 |    1635 |  23.7 |      21 |       6 |  22.2
     Lair:4 |    7809 |     314 |   3.9 |      27 |       2 |   6.9
     Lair:5 |    7396 |     378 |   4.9 |      17 |       4 |  19.0
     Lair:6 |     425 |       0 |   0.0 |       1 |       0 |   0.0
            +---------+---------+-------+---------+---------+-------
